 Dungeon Crawl Stone Soup version 0.30-a0-605-gb2882149bf (webtiles) character file.

Game seed: 11763213185874468570

6 OTABOTABOTAB the Insei (level 1, -2/17 HPs)
             Began as a Gnoll Transmuter on Jan 8, 2023.
             Slain by a kobold
             ... wielding a +0 short sword
              (4 damage)
             ... on level 1 of the Dungeon.
             The game lasted 00:00:19 (123 turns).

OTABOTABOTAB the Insei (Gnoll Transmuter)            Turns: 123, Time: 00:00:20

Health: -2/17      AC:  2    Str:  9    XL:     1   Next: 90%
Magic:  6/6        EV: 13    Int: 12    God:
Gold:   0          SH:  0    Dex: 12    Spells: 8/9 levels left

rFire   . . .      SeeInvis .      - Unarmed
rCold   . . .      Faith    .    (no shield)
rNeg    . . .      Spirit   .    a - +0 robe
rPois   .          Reflect  .    (no helmet)
rElec   .          Harm     .    (no cloak)
rCorr   .          Rampage  .    (no gloves)
Will    .....                    (no boots)
Stlth   +                        (no amulet)
HPRegen 0.22/turn                (no ring)
MPRegen 0.10/turn                (no ring)

@: no status effects
A: fangs 1, strong nose, distributed training
a: no special abilities


You were on level 1 of the Dungeon.
You visited 1 branch of the dungeon, and saw 1 of its levels.

Inventory:

Armour
 a - a +0 robe (worn)
Scrolls
 b - a scroll of vulnerability {unknown}
Potions
 c - a potion of curing {unknown}
 P - a potion of lignification {!q}


   Skills:
 + Level 2.4 Fighting
 + Level 0.2 Short Blades
 + Level 0.2 Long Blades
 + Level 0.2 Axes
 + Level 0.2 Maces & Flails
 + Level 0.2 Polearms
 + Level 0.2 Staves
 + Level 0.2 Ranged Weapons
 + Level 0.2 Throwing
 + Level 0.2 Armour
 + Level 4.4 Dodging
 + Level 0.2 Stealth
 + Level 0.2 Shields
 + Level 6.4 Unarmed Combat
 + Level 4.9 Spellcasting
 + Level 0.1 Conjurations
 + Level 0.1 Hexes
 + Level 0.1 Summonings
 + Level 0.1 Necromancy
 + Level 0.1 Translocations
 + Level 3.6 Transmutations
 + Level 0.1 Fire Magic
 + Level 0.1 Ice Magic
 + Level 0.1 Air Magic
 + Level 0.1 Earth Magic
 + Level 0.1 Poison Magic
 + Level 0.3 Invocations
 + Level 0.2 Evocations


You had 8 spell levels left.
You knew the following spells:

 Your Spells              Type           Power      Damage    Failure   Level
a - Beastly Appendage     Tmut           22%        N/A       4%          1

Your spell library contained the following spells:

 Spells                   Type           Power      Damage    Failure   Level
 Wereblood                Tmut           11%        N/A       7%          2
 Spider Form              Tmut/Pois      7%         N/A       28%         3
 Ice Form                 Ice/Tmut       7%         N/A       67%         4


Dungeon Overview and Level Annotations

Branches:
Dungeon (1/15)

Altars:


Innate Abilities, Weirdness & Mutations

You have very sharp teeth.
Your uncanny sense of smell can sniff out nearby items.
Your experience applies equally to all skills.


Message History

You kill the ball python!
No target in view!
A rat comes into view.
The rat bites you.
You take 3 damage, and have 14/17 hp.
You hit the rat.
You kill the rat!
No target in view!
Unknown command.
No target in view!
A dart slug is nearby!
The dart slug closely misses you.
Unknown command.
You hit the dart slug. The dart slug misses you.
You hit the dart slug. You punch the dart slug!
You kill the dart slug!
No target in view!
No target in view!
b - a scroll labelled RONUVU CIOD Health restored: 17 No target in view!
c - an amethyst potion No target in view!
No target in view!
No target in view!
A bat comes into view.
A bat is nearby!
A kobold comes into view. It is wielding a +0 short sword.
The kobold throws a stone.
The stone closely misses you.
Unknown command.
The helpless bat fails to defend itself.
You hit the bat.
You kill the bat!
The kobold closely misses you.
You miss the kobold.
The kobold hits you with a +0 short sword.
You take 1 damage, and have 16/17 hp.
Unknown command.
You closely miss the kobold. The kobold barely misses you.
Health restored: 17 You barely miss the kobold.
You hit the kobold.
You kill the kobold!
No target in view!
No target in view!
s - 4 stones (quivered)
You see here a +0 short sword.
A kobold comes into view. It is wielding a +0 short sword.
Found a stone staircase leading down.
The kobold shouts!
A kobold is nearby!
You throw a stone. The stone closely misses the kobold.
You throw a stone. The stone hits the kobold.
You throw a stone.
The stone hits the kobold but does no damage.
You throw a stone. The stone closely misses the kobold.
You barely miss the kobold.
The kobold hits you with a +0 short sword.
You take 2 damage, and have 15/17 hp.
You barely miss the kobold. Your bite misses the kobold.
You completely miss the kobold.
The kobold hits you with a +0 short sword.
You take 4 damage, and have 11/17 hp.
MASSIVE DAMAGE!!
The kobold misses you.
The kobold hits you with a +0 short sword.
You take 2 damage, and have 9/17 hp.
The kobold hits you with a +0 short sword.
* * * LOW HITPOINT WARNING * * *
You take 4 damage, and have 5/17 hp.
MASSIVE DAMAGE!!
The kobold barely misses you. The kobold misses you.
The kobold completely misses you. The kobold misses you.
The kobold hits you with a +0 short sword.
* * * LOW HITPOINT WARNING * * *
You take 2 damage, and have 4/17 hp.
The kobold closely misses you. The kobold hits you but does no damage.
The kobold hits you but does no damage. The kobold misses you.
The kobold closely misses you.
The kobold hits you with a +0 short sword.
* * * LOW HITPOINT WARNING * * *
You take 2 damage, and have 3/17 hp.
The kobold hits you but does no damage. The kobold hits you but does no damage.
The kobold closely misses you. The kobold misses you.
The kobold barely misses you.
The kobold hits you with a +0 short sword.
* * * LOW HITPOINT WARNING * * *
You take 2 damage, and have 2/17 hp.
The kobold barely misses you. The kobold barely misses you.
The kobold barely misses you.
The kobold hits you with a +0 short sword.
You die...

#........## ####
.......#.....#### #
.......##..###
#.!.....#### ######
..........#####....#
...................#####
........................
..?..............##..###
>.....K@.........###..##
#........#...)...# ##...
##......##.......# ####
#########.......#
#.......# #########


You could see a kobold.

Vanquished Creatures
  A dart slug (D:1)
  A kobold (D:1)
  A ball python (D:1)
  A bat (D:1)
  A rat (D:1)
5 creatures vanquished.

Notes
Turn   | Place    | Note
-------+----------+-------------------------------------------
     0 | D:1      | OTABOTABOTAB the Gnoll Transmuter began the quest for the
                  | Orb.
     0 | D:1      | Reached XP level 1. HP: 17/17 MP: 6/6
   107 | D:1      | HP: 4/17 [kobold/+0 short sword (2)]
   113 | D:1      | HP: 3/17 [kobold/+0 short sword (2)]
   119 | D:1      | HP: 2/17 [kobold/+0 short sword (3)]
   123 | D:1      | Slain by a kobold

Illustrated notes

Levels and vault maps discovered:
D:1:      dpeg_arrival_round_c, layout_rooms, shapermc_ecumenical_altar_ellora

Action                   || total
-------------------------++-------
Melee: Unarmed           ||    13
Throw: Stone             ||     4
 Stab: Sleeping          ||     1
Armor: Robe              ||     4
Dodge: Dodged            ||    19

Table legend: (Time is in decaauts)
 A = Elapsed time spent in this place.
 B = Non-inter-level travel time spent in this place.
 C = Inter-level travel time spent in this place.
 D = Time resting spent in this place.
 E = Time spent auto-exploring this place.
 F = Levels seen in this place.
 G = Mean time per level.
                   A        B        C        D        E       F      G
               +--------+--------+--------+--------+--------+-----+--------+
         Total |    121 |    121 |      0 |      0 |     67 |   1 |  121.0 |
       Dungeon |    121 |    121 |      0 |      0 |     67 |   1 |  121.0 |
               +--------+--------+--------+--------+--------+-----+--------+

Top non-repeatable levels by time:
     D:1: 121 daAuts

Table legend:
 A = Kills in this place as a percentage of kills in entire the game.
 B = Kills by you in this place as a percentage of kills by you in the entire game.
 C = Kills by friends in this place as a percentage of kills by friends in the entire game.
 D = Other kills in this place as a percentage of other kills in the entire game.
 E = Experience gained in this place as a percentage of experience gained in the entire game.
 F = Experience gained in this place divided by the number of levels of this place that you have seen.
                   A       B       C       D       E      F
               +-------+-------+-------+-------+-------+----------------------
         Total | 100.0 | 100.0 |   N/A |   N/A | 100.0 |   9.0
       Dungeon | 100.0 | 100.0 |   N/A |   N/A | 100.0 |   9.0
               +-------+-------+-------+-------+-------+----------------------
